Map: Abyssal Reef LE

Players

Vlign

  • Race: Terran Terran
  • League: Diamond
  • Spawn Location: 11:00

A.I. 1 (Elite) - Winner!

  • Race: Zerg Zerg
  • Spawn Location: 5:00

VOD

Have the link to the VOD?

Description

Time

  • Played on: July 17, 2018, 11:54 p.m.
  • Length: 7:50
Show
View Real Time Build Order
Export as new Build Order

Vlign Terran 

Build Orders:  

Get SALT Encoding   

  12  0:01  SCV  
  13  0:13  SCV  
  14  0:29  Supply Depot  
  14  0:30  SCV  
  14  0:34  Refinery  
  15  0:51  SCV  
  16  0:58  Barracks  
  16  1:03  SCV  
  17  1:15  SCV  
  18  1:18  Refinery  
  18  1:27  SCV  
  20  1:45  Reaper, Orbital Command  
  20  1:50  Factory  
  20  2:04  Supply Depot  
  20  2:10  SCV  
  21  2:17  Barracks Reactor  
  21  2:23  SCV  
  21  2:29  Command Center  
  22  2:36  Supply Depot  
  22  2:37  Hellion  
  22  2:39  SCV  
  25  2:51  SCV  
  26  3:03  SCV  
  27  3:06  Hellion  
  29  3:15  SCV  
  29  3:19  Barracks Tech Lab, Barracks  
  30  3:22  Cyclone  
  33  3:27  Cyclone  
  33  3:28  SCV  
  37  3:40  SCV  
  38  3:43  Engineering Bay  
  38  3:44  Barracks Reactor  
  38  3:45  Orbital Command  
  38  3:52  SCV  
  39  3:59  Ghost Academy  
  39  4:04  SCV  
  40  4:10  Refinery  
  40  4:11  SCV  
  40  4:14  Terran Infantry Weapons Level 1  
  40  4:16  SCV  
  42  4:18  Factory Tech Lab  
  42  4:23  SCV  
  45  4:24  Refinery  
  45  4:28  Supply Depot  
  45  4:37  Siege Tank  
  46  4:39  Ghost  
  46  4:41  SCV  
  49  4:48  Barracks  
  49  4:49  Supply Depot  
  49  4:50  SCV  
  49  4:51  Supply Depot  
  50  4:54  Marine x2  
  50  4:59  Personal Cloaking  
  52  5:03  SCV  
  53  5:08  SCV  
  53  5:10  Ghost  
  56  5:14  Marine  
  56  5:15  Marine  
  56  5:18  SCV  
  59  5:22  Siege Tank  
  59  5:27  SCV  
  63  5:32  Marine x2  
  65  5:38  Marine  
  65  5:39  Marine  
  65  5:40  Supply Depot, Ghost  
  69  5:48  SCV  
  69  5:49  Supply Depot, SCV  
  71  5:54  Siege Tank  
  71  5:56  Marine x2  
  75  5:58  Marine x2  
  75  6:01  SCV  
  75  6:02  SCV  
  80  6:11  Ghost, Supply Depot  
  80  6:13  SCV  
  83  6:27  SCV  
  83  6:28  SCV  
  83  6:31  Marine  
  83  6:32  Command Center  
  86  6:33  Siege Tank  
  89  6:42  SCV x2  
Show
View Real Time Build Order
Export as new Build Order

A.I. 1 (Elite) Zerg - Winner!

Build Orders: Pool First 

Get SALT Encoding   

  12  0:00  Drone  
  13  0:12  Overlord  
  13  0:16  Drone  
  14  0:31  Drone x2  
  16  0:42  Spawning Pool  
  15  0:45  Drone  
  15  0:48  Drone  
  17  1:13  Hatchery, Drone  
  17  1:16  Extractor  
  16  1:19  Drone  
  16  1:21  Extractor  
  16  1:25  Drone  
  17  1:29  Drone  
  18  1:38  Drone  
  19  1:49  Overlord  
  19  1:56  Queen  
  21  2:02  Zergling x2  
  22  2:11  Drone  
  23  2:25  Queen  
  25  2:32  Drone  
  26  2:38  Drone  
  26  2:42  Drone  
  28  2:45  Drone  
  29  3:00  Roach Warren  
  29  3:01  Drone  
  29  3:04  Drone  
  30  3:08  Zergling x2  
  30  3:11  Zergling x2  
  32  3:17  Overlord  
  32  3:21  Drone  
  32  3:23  Drone  
  34  3:40  Roach  
  36  3:41  Roach  
  36  3:42  Roach  
  36  3:43  Roach  
  36  3:46  Lair  
  42  3:51  Overlord  
  42  3:56  Overlord  
  42  3:59  Zergling x2  
  42  4:02  Zergling x2  
  44  4:09  Zergling x2, Drone x2  
  47  4:12  Drone  
  47  4:14  Drone  
  49  4:17  Drone  
  49  4:21  Overlord  
  50  4:25  Roach  
  50  4:29  Roach  
  54  4:32  Roach  
  54  4:35  Roach  
  58  4:39  Overlord  
  59  4:45  Drone  
  59  4:46  Hydralisk Den  
  59  4:47  Drone  
  59  4:49  Drone  
  60  4:53  Roach  
  60  4:56  Roach  
  64  5:00  Overlord  
  64  5:06  Drone  
  65  5:08  Drone  
  65  5:10  Drone  
  65  5:12  Drone  
  65  5:14  Drone  
  69  5:15  Drone  
  69  5:17  Drone  
  69  5:18  Hydralisk  
  69  5:21  Hydralisk  
  73  5:25  Overlord  
  73  5:28  Hydralisk  
  77  5:32  Hydralisk  
  77  5:34  Drone  
  77  5:35  Drone  
  81  5:37  Drone  
  81  5:38  Drone  
  81  5:40  Drone  
  84  5:43  Drone  
  84  5:44  Overlord  
  84  5:47  Hydralisk  
  87  5:53  Hydralisk, Metabolic Boost  
  89  5:58  Evolution Chamber  
  89  6:01  Drone  
  89  6:04  Overlord  
  89  6:16  Ravager  
  90  6:18  Evolution Chamber  
  90  6:21  Lurker Den  
  90  6:23  Evolution Chamber, Drone  
  90  6:24  Drone  
  89  6:26  Hatchery  
  88  6:35  Drone  
  89  6:41  Ravager  
  89  6:43  Extractor  
  89  6:45  Roach  
  91  6:50  Extractor, Roach  
  91  6:51  Drone  
  92  6:58  Hydralisk  
  92  7:05  Drone  
  92  7:06  Drone x2  
  92  7:08  Hydralisk  
  91  7:10  Zergling x4  
  91  7:11  Zergling x6  
  91  7:12  Zergling x2, Drone  
  91  7:13  Drone  
  91  7:14  Drone  
  89  7:17  Zergling x2  
  89  7:18  Zergling x2  
  89  7:21  Hydralisk, Zergling x4  
  89  7:22  Roach  
  84  7:32  Drone  
  84  7:35  Drone  
Tags
 
League
Diamond
Matchup
TvZ
Opening
Pool First
Replay Pack
replaypack3
Spawn Locations
Cross Positions
Add a new tag
Caveats
  • Supply blocks, unpowered buildings, or Contaminate may cause inaccurate times.
  • Supply counts are checked every 10 seconds.